 Dungeon Crawl Stone Soup version 0.16.1-11-g651b585 (webtiles) character file.

15922 jacksonaction the Thaumaturge (level 12, 0/51 HPs)
             Began as a Spriggan Conjurer on Mar 30, 2015.
             Was a High Priest of Vehumet.
             Slain by a six-headed hydra (15 damage)
             ... on level 3 of the Lair of Beasts.
             The game lasted 03:08:03 (20869 turns).

jacksonaction the Thaumaturge (Spriggan Conjurer)  Turns: 20869, Time: 03:08:09

Health: 0/51       AC:  4    Str:  4    XL:     12   Next: 5%
Magic:  28/35      EV: 22    Int: 21    God:    Vehumet [*****.]
Gold:   793        SH:  0    Dex: 17    Spells: 10 memorised, 7 levels left

rFire  . . .     SeeInvis +     r - +1 dagger (drain)
rCold  . . .     Clarity  .     H - +1 robe {MR+}
rNeg   . . .     SustAb   .     (shield restricted)
rPois  .         Gourm    .     (helmet restricted)
rElec  .         Spirit   .     y - +0 cloak (curse)
rCorr  .         Warding  .     (gloves unavailable)
rMut   .         Stasis   .     (boots unavailable)
MR     ++++.                    (no amulet)
Stlth  ++++......               x - ring of stealth
                                s - ring of protection from magic

@: very quick, incredibly resistant to hostile enchantments, stealthy
A: unfitting armour, see invisible, herbivore 3, speed 3, slow metabolism 2
a: Renounce Religion


You were on level 3 of the Lair of Beasts.
You worshipped Vehumet.
Vehumet was extremely pleased with you.
You were not hungry.

You visited 3 branches of the dungeon, and saw 12 of its levels.

You collected 943 gold pieces.
You spent 150 gold pieces at shops.

Inventory:

Hand weapons
 r - a +1 dagger of draining (weapon)
 O - the +2 blowgun of the Spider {speed, rC+ rN+ Dex-2}
   (You found it on level 1 of the Lair of Beasts)

   Attacks with this weapon are significantly faster.
   It affects your dexterity (-2).
   It protects you from cold.
   It protects you from negative energy.
Missiles
 t - 15 tomahawks (quivered)
 w - 14 poisoned needles
Armour
 y - a cursed +0 cloak (worn)
 H - a +1 robe of magic resistance (worn)
Magical staves
 G - a cursed staff of poison {unknown}
Jewellery
 s - a ring of protection from magic (left hand)
 x - a ring of stealth (right hand)
 U - an uncursed ring of positive energy {unknown}
Magical devices
 F - a wand of flame (45)
 J - a wand of random effects (36)
 Q - a wand of teleportation (1)
Scrolls
 f - 5 scrolls of teleportation
 g - 3 scrolls of fog {unknown}
 i - 2 scrolls of fear {unknown}
 j - 5 scrolls of remove curse
 m - 3 scrolls of enchant armour {unknown}
 o - 2 scrolls of recharging
 q - 2 scrolls of magic mapping {unknown}
 C - 7 scrolls of identify
 E - a scroll of random uselessness {unknown}
 K - a scroll of summoning {unknown}
 L - 4 scrolls of blinking
Potions
 d - 2 potions of curing
 e - 2 potions of restore abilities {unknown}
 h - 2 potions of resistance {unknown}
 k - 2 potions of brilliance {unknown}
 l - 2 potions of heal wounds {unknown}
 n - a potion of degeneration {unknown}
 p - 3 potions of ambrosia {unknown}
 u - a potion of might {unknown}
 v - a potion of agility {unknown}
 A - a potion of cancellation {unknown}
 B - a potion of berserk rage {unknown}
 I - 3 potions of magic
 M - a potion of invisibility {unknown}
 N - 4 potions of flight
 S - a potion of haste {unknown}
Books
 a - a book of Death

   Spells                             Type                      Level
   a - Corpse Rot                     Necromancy                   2
   b - Sublimation of Blood           Necromancy                   2
   c - Agony                          Necromancy                   5
   d - Dispel Undead                  Necromancy                   5
   e - Excruciating Wounds            Charms/Necromancy            5
   f - Bolt of Draining               Conjuration/Necromancy       5
 c - a book of Conjurations

   Spells                             Type                      Level
   a - Magic Dart                     Conjuration                  1
   b - Searing Ray                    Conjuration                  2
   c - Dazzling Spray                 Conjuration/Hexes            3
   d - Fulminant Prism                Conjuration/Hexes            4
   e - Iskenderun's Mystic Blast      Conjuration                  4
   f - Iskenderun's Battlesphere      Conjuration/Charms           5
 z - a Necronomicon {highlevel, unknown}

   This book is beyond your current level of understanding.

   Spells                             Type                      Level
   a - Haunt                          Necromancy/Summoning         7
   b - Borgnjor's Revivification      Necromancy                   8
   c - Death's Door                   Charms/Necromancy            8
   d - Necromutation                  Transmutation/Necromancy     8
 D - a book of Summonings

   Spells                             Type                      Level
   a - Abjuration                     Summoning                    3
   b - Recall                         Summoning/Translocation      3
   c - Shadow Creatures               Summoning                    5
   d - Summon Demon                   Summoning                    5
   e - Summon Forest                  Summoning/Translocation      5
   f - Monstrous Menagerie            Summoning                    6
 P - a book of the Dragon

   Spells                             Type                      Level
   a - Flight                         Charms/Air                   3
   b - Cause Fear                     Hexes                        4
   c - Bolt of Fire                   Conjuration/Fire             6
   d - Dragon Form                    Transmutation                7
   e - Dragon's Call                  Summoning                    9
 R - a book of Envenomations

   Spells                             Type                      Level
   a - Spider Form                    Transmutation/Poison         3
   b - Alistair's Intoxication        Transmutation/Poison         4
   c - Olgreb's Toxic Radiance        Poison                       4
   d - Poisonous Cloud                Conjuration/Poison/Air       6
Comestibles
 b - 9 bread rations
 T - 2 slices of pizza


   Skills:
 - Level 1.0 Short Blades
 - Level 0.7 Throwing
 - Level 7.0 Dodging
 - Level 3.0 Stealth
 - Level 13.6 Spellcasting
 + Level 11.5 Conjurations
 - Level 4.0 Charms
 - Level 3.4 Necromancy
 - Level 0.1 Ice Magic


You had 7 spell levels left.
You knew the following spells:

 Your Spells              Type           Power        Failure   Level  Hunger
a - Magic Dart            Conj           ####         1%          1    None
b - Searing Ray           Conj           ######       1%          2    None
c - Dazzling Spray        Conj/Hex       #####...     1%          3    None
d - Iskenderun's Mystic   Conj           ######..     1%          4    None
e - Iskenderun's Battles  Conj/Chrm      #####...     1%          5    ###....
f - Sublimation of Blood  Necr           ####......   1%          2    None
g - Bolt of Draining      Conj/Necr      #####.....   2%          5    ###....
h - Throw Flame           Conj/Fire      #####.       1%          2    None
i - Throw Icicle          Conj/Ice       #####...     1%          4    None
j - Stone Arrow           Conj/Erth      #####.       1%          3    None


Dungeon Overview and Level Annotations

Branches:
Dungeon (8/15)             Temple (1/1) D:4            Lair (3/8) D:8
  Swamp: Lair:3-6    Shoals: Lair:3-6     Snake: Lair:3-6    Spider: Lair:3-6

Altars:
Ashenzari
Cheibriados
Dithmenos
Elyvilon
Gozag
Makhleb
Nemelex Xobeh
Qazlal
Ru
Sif Muna
Trog
Vehumet
Xom
Yredelemnul
Zin
The Shining One

Shops:
D:4 %


Innate Abilities, Weirdness & Mutations

You are tiny and cannot use many weapons and most armour.
You have supernaturally acute eyesight.
You are a herbivore.
You cover ground extremely quickly.
You need consume almost no food.


Message History

Press: ? - help, Shift-Dir - straight line, f/p - six-headed hydra
Aim: a six-headed hydra (severely wounded)
The magic dart hits the six-headed hydra.
The six-headed hydra is severely wounded.
Your battlesphere fires!
The barrage of energy hits the six-headed hydra.
The six-headed hydra is severely wounded.
Casting: Magic Dart
Confirm with . or Enter, or press ? or * to list all spells.
Aiming: Magic Dart
Press: ? - help, Shift-Dir - straight line, f/p - six-headed hydra
Aim: a six-headed hydra (severely wounded)
The magic dart hits the six-headed hydra.
The six-headed hydra is severely wounded.
The six-headed hydra bites you! x3
* * * LOW HITPOINT WARNING * * *
The six-headed hydra barely misses you.
The six-headed hydra completely misses you.
The six-headed hydra bites you!
You die...

#. #.....D...P. #.#
#.#####<..#
#..####.### ..#
###..P#.#...# ...#
.P..........*##....#
.........r.....Y...#
..#.P###.F##.###.#..#
##D#P.# #@#..#
########....#
.........#.##
..######.### ##..###
#.....#
..#.####.P##.#
.........##..#
.##..##..#...# ..


You could see a six-headed hydra, a giant frog and a river rat.

Vanquished Creatures
  2 hydras
  The ghost of Jackel the Basher, an experienced DsGl of Okawaru (Lair:1)
  Pikel (D:4)
  4 spiny frogs
  8 komodo dragons (Lair:2)
  5 blink frogs (Lair:1)
  A hog (D:7)
  A human (D:7)
  6 yaks
  Eustachio (D:4)
  2 hippogriffs
  9 wolves
  A deep elf fighter (D:8)
  Menkaure (D:7)
  A sky beast (D:5)
  7 water moccasins
  4 porcupines
  An ice beast (D:8)
  A slave (D:4)
  The ghost of scrublord the Skirmisher, an average HOFi (D:3)
  An orc warrior (D:6)
  2 black bears (D:7)
  An ogre (D:8)
  17 crocodiles
  A centaur (D:8)
  Sigmund (D:4)
  6 giant frogs
  2 wyvern skeletons (D:7)
  8 killer bees
  9 wights
  2 crimson imps
  A centaur zombie (D:7)
  6 hounds
  3 goliath beetles
  A jelly (D:5)
  9 hell rats (Lair:2)
  A centaur skeleton (D:8)
  4 orc priests
  10 orc wizards
  6 worker ants
  2 iguanas
  5 sheep
  2 mummies
  A hound skeleton (D:5)
  7 gnolls
  11 adders
  37 river rats
  2 giant mites
  7 worms
  An adder zombie (D:5)
  2 adder skeletons (D:8)
  2 oozes
  24 orcs
  A bat skeleton (D:6)
  2 bat zombies
  5 giant cockroaches
  11 goblins
  13 hobgoblins
  6 jackals
  5 quokkas
  2 ball pythons
  25 bats
  6 giant geckos
  2 giant gecko skeletons (D:5)
  A giant gecko zombie (D:5)
  8 giant newts
  A giant spore (D:6)
  2 gnoll zombies (D:4)
  12 kobolds
  A quokka skeleton (D:7)
  34 rats
  11 ballistomycetes
  A fungus (Lair:2)
  A plant (Lair:2)
402 creatures vanquished.

Vanquished Creatures (others)
  An orc priest (D:4)
  A centaur skeleton (D:4)
  A giant gecko (D:4)
  2 orcs (D:4)
  2 goblins (D:4)
  A giant spore (D:8)
  A kobold (D:4)
9 creatures vanquished.

Grand Total: 411 creatures vanquished

Notes
Turn   | Place    | Note
--------------------------------------------------------------
     0 | D:1      | jacksonaction, the Spriggan Conjurer, began the quest for the Orb.
     0 | D:1      | Reached XP level 1. HP: 9/9 MP: 4/4
   473 | D:1      | Reached XP level 2. HP: 13/13 MP: 3/7
   477 | D:1      | Learned a level 2 spell: Searing Ray
  1525 | D:2      | Reached XP level 3. HP: 16/16 MP: 3/9
  1621 | D:2      | Learned a level 3 spell: Dazzling Spray
  1986 | D:2      | Reached skill level 4 in Conjurations
  2035 | D:2      | Reached XP level 4. HP: 21/21 MP: 8/13
  2801 | D:3      | Reached XP level 5. HP: 24/24 MP: 13/17
  2831 | D:3      | Learned a level 4 spell: Iskenderun's Mystic Blast
  2924 | D:3      | Found a shadowy altar of Dithmenos.
  3018 | D:3      | Noticed scrublord's ghost (average HOFi)
  4274 | D:4      | Noticed Sigmund
  4459 | D:4      | Reached skill level 5 in Conjurations
  4735 | D:4      | Reached XP level 6. HP: 28/28 MP: 15/20
  4789 | D:4      | Noticed Eustachio
  4789 | D:4      | Noticed a slave
  4789 | D:4      | Noticed a slave
  4790 | D:4      | Noticed a slave
  4791 | D:4      | Noticed a slave
  5144 | D:4      | Killed Eustachio
  5196 | D:4      | Noticed Pikel
  5450 | D:4      | Killed a slave
  5753 | D:4      | Killed Pikel
  5753 | D:4      | Reached skill level 6 in Spellcasting
  5753 | D:4      | Reached XP level 7. HP: 32/32 MP: 3/24
  5858 | D:4      | Found Fraoq's Food Boutique.
  5871 | D:4      | Bought a bread ration for 50 gold pieces
  5871 | D:4      | Bought a bread ration for 50 gold pieces
  5871 | D:4      | Bought a bread ration for 50 gold pieces
  6090 | D:4      | Found a basalt altar of Yredelemnul.
  6157 | D:4      | Killed Sigmund
  6157 | D:4      | Reached XP level 8. HP: 36/36 MP: 7/25
  6412 | D:4      | Reached skill level 1 in Short Blades
  6517 | D:4      | Found a staircase to the Ecumenical Temple.
  6529 | Temple   | Entered the Ecumenical Temple
  6542 | Temple   | Became a worshipper of Vehumet
  6823 | D:5      | Entered Level 5 of the Dungeon
  6833 | D:5      | Reached skill level 7 in Spellcasting
  6882 | D:5      | Found a burning altar of Makhleb.
  6894 | D:5      | Found a glowing silver altar of Zin.
  6894 | D:5      | Noticed an angel
  6895 | D:5      | Noticed an Executioner
  7230 | D:5      | Learned a level 5 spell: Iskenderun's Battlesphere
  7387 | D:5      | Found a staircase to the Ecumenical Temple.
  8620 | D:6      | Found a sacrificial altar of Ru.
  8624 | D:6      | Reached skill level 8 in Conjurations
  9135 | D:6      | Learned a level 2 spell: Sublimation of Blood
  9201 | D:6      | Found a shattered altar of Ashenzari.
  9257 | D:6      | Acquired Vehumet's first power
  9257 | D:6      | Offered knowledge of Freeze by Vehumet.
  9474 | D:6      | Reached XP level 9. HP: 39/39 MP: 23/27
  9548 | D:6      | Found a glowing golden altar of the Shining One.
  9844 | D:7      | Reached skill level 5 in Dodging
  9899 | D:7      | Reached skill level 1 in Necromancy
 10052 | D:7      | Noticed Menkaure
 10118 | D:7      | Killed Menkaure
 10475 | D:7      | Reached skill level 1 in Charms
 10596 | D:7      | Reached skill level 9 in Conjurations
 10799 | D:7      | Learned a level 5 spell: Bolt of Draining
 10827 | D:7      | Found a white marble altar of Elyvilon.
 10827 | D:7      | Found a shimmering altar of Xom.
 11217 | D:7      | Found a shimmering altar of Xom.
 11541 | D:7      | Offered knowledge of Throw Flame by Vehumet.
 11545 | D:7      | Learned a level 2 spell: Throw Flame
 12041 | D:7      | Reached XP level 10. HP: 44/44 MP: 13/29
 12976 | D:8      | Found a deep blue altar of Sif Muna.
 13035 | D:8      | Offered knowledge of Inner Flame by Vehumet.
 13863 | D:8      | Found a staircase to the Lair.
 13869 | D:8      | Acquired Vehumet's second power
 13988 | Lair:1   | Entered Level 1 of the Lair of Beasts
 14173 | Lair:1   | Reached skill level 10 in Conjurations
 14565 | Lair:1   | Noticed Jackel's ghost (experienced DsGl)
 14612 | Lair:1   | Got a translucent blowgun
 15598 | D:3      | Killed scrublord's ghost
 15667 | D:3      | Identified the +2 blowgun of the Spider {speed, rC+ rN+ Dex-2} (You found it on level 1 of the Lair of Beasts)
 16119 | Lair:1   | Offered knowledge of Throw Icicle by Vehumet.
 16408 | Lair:1   | Reached skill level 10 in Spellcasting
 16642 | Lair:1   | Noticed a seven-headed hydra
 16706 | Lair:1   | Killed a seven-headed hydra
 16706 | Lair:1   | Reached skill level 11 in Spellcasting
 16907 | Lair:1   | Killed Jackel's ghost
 16907 | Lair:1   | Reached XP level 11. HP: 41/47 MP: 10/33
 17049 | Lair:1   | Learned a level 4 spell: Throw Icicle
 17604 | Lair:1   | Reached skill level 12 in Spellcasting
 17725 | Lair:1   | Acquired Vehumet's third power
 17971 | Lair:1   | Offered knowledge of Stone Arrow by Vehumet.
 17976 | Lair:1   | Learned a level 3 spell: Stone Arrow
 18108 | Lair:2   | Noticed an eight-headed hydra
 18131 | Lair:2   | Killed an eight-headed hydra
 18705 | Lair:2   | Reached skill level 13 in Spellcasting
 19578 | Lair:2   | Offered knowledge of Iron Shot by Vehumet.
 20197 | Lair:2   | Reached XP level 12. HP: 49/51 MP: 25/35
 20672 | Lair:3   | Noticed a six-headed hydra
 20869 | Lair:3   | Slain by a six-headed hydra

Action                   |  1- 3 |  4- 6 |  7- 9 | 10-12 || total
-------------------------+-------+-------+-------+-------++-------
Melee: Unarmed           |     3 |     8 |       |       ||    11
       Dagger            |       |       |    68 |   303 ||   371
 Fire: Blowgun           |       |       |       |   162 ||   162
Throw: Tomahawk          |       |     2 |     1 |       ||     3
 Cast: Magic Dart        |    67 |   154 |   306 |   585 ||  1112
       Searing Ray       |     7 |    26 |    36 |     2 ||    71
       Iskenderun's Myst |       |     8 |    38 |    75 ||   121
       Throw Flame       |       |       |     4 |     5 ||     9
       Sublimation of Bl |       |       |     1 |     5 ||     6
       Iskenderun's Batt |       |       |       |    31 ||    31
       Bolt of Draining  |       |       |       |     1 ||     1
       Throw Icicle      |       |       |       |     2 ||     2
       Stone Arrow       |       |       |       |     1 ||     1
Evoke: Wand              |       |       |     1 |       ||     1
  Use: Scroll            |       |       |     4 |     5 ||     9
       Potion            |       |       |     1 |     1 ||     2
 Stab: Distracted        |       |       |       |     4 ||     4
       Sleeping          |       |       |       |     7 ||     7
  Eat: Fruit             |       |     3 |       |       ||     3
       Pizza             |       |     1 |     1 |     8 ||    10
       Bread ration      |       |       |     1 |     1 ||     2
       Royal jelly       |       |       |     1 |       ||     1
